 Dungeon Crawl Stone Soup version 0.30.1-11-g7821555f0a (webtiles) character file.

Game seed: 12507791806808876264

4965 KittyFluff the Protected (level 10, -7/94 HPs)
             Began as a Gargoyle Berserker on Oct 28, 2023.
             Was a High Priest of Trog.
             Mangled by an acid dragon (11 damage)
             ... on level 8 of the Dungeon.
             The game lasted 00:33:28 (7747 turns).

KittyFluff the Protected (Gargoyle Berserker)       Turns: 7747, Time: 00:33:28

Health: -7/94      AC: 20    Str: 26    XL:     10   Next: 53%
Magic:  10/10      EV: 13    Int:  7    God:    Trog [*****.]
Gold:   339        SH:  0    Dex:  9    Spells: 9/9 levels left

rFire   . . .        B - +1 flail (protect)
rCold   + . .        (no shield)
rNeg    + . .        r - +0 leather armour
rPois   ∞            b - +0 helmet
rElec   +            M - +0 cloak
rCorr   .            s - +0 pair of gloves
SInv    .            D - +0 pair of boots
Will    .....        (no amulet) Stlth
                     K - ring of protection from cold
HPRegen 0.35/turn    v - +4 ring of protection
MPRegen 0.12/turn

%: no passive effects
@: berserking, corroded, under a protective aura, very quick
A: sickness immunity, AC +7, negative energy resistance 1, electricity
resistance, torment resistance 1, petrification resistance
a: Renounce Religion, Berserk, Trog's Hand, Brothers in Arms


You were on level 8 of the Dungeon.
You worshipped Trog.
Trog was extremely pleased with you.
You visited 1 branch of the dungeon, and saw 9 of its levels.

You collected 339 gold pieces.

Inventory:

Hand Weapons
 q - a +1 morningstar of draining
 B - a +1 flail of protection (weapon)
 I - a +2 flail
 J - a +3 dire flail
 N - a +1 heavy shortbow
 O - a +2 morningstar
 Q - a +0 quarterstaff
 R - a +4 sling of flaming
Missiles
 t - 5 atropa-tipped darts (quivered)
 z - 9 javelins
 A - 2 throwing nets
 P - 17 poisoned darts
Armour
 b - a +0 helmet (worn)
 r - a +0 leather armour (worn)
 s - a +0 pair of gloves (worn)
 D - a +0 pair of boots (worn)
 M - a +0 cloak (worn)
Jewellery
 f - a ring of protection from fire
 v - a +4 ring of protection (right hand)
 K - a ring of protection from cold (left hand)
 L - an amulet of magic regeneration
Wands
 a - a wand of quicksilver (5)
 g - a wand of flame (13)
 H - a wand of digging (1)
Scrolls
 c - 2 scrolls of amnesia {unknown}
 i - 2 scrolls of silence {unknown}
 j - 2 scrolls of poison {unknown}
 m - 4 scrolls of teleportation {unknown}
 n - a scroll of noise {unknown}
 o - 2 scrolls of enchant armour {unknown}
 u - a scroll of magic mapping {unknown}
 w - a scroll of immolation {unknown}
 y - a scroll of fear {unknown}
 E - 3 scrolls of vulnerability {unknown}
 F - a scroll of torment {unknown}
 S - a scroll of fog {unknown}
Potions
 d - a potion of cancellation
 e - 3 potions of lignification
 h - 2 potions of ambrosia
 k - a potion of magic
 l - a potion of mutation
 p - 2 potions of curing
 x - 2 potions of heal wounds
 C - 3 potions of might
 G - a potion of flight {unknown}


   Skills:
 + Level 7.6 Fighting
 * Level 9.4 Maces & Flails
 * Level 9.9 Armour
 + Level 5.3 Dodging


You had 9 spell levels left.
You didn't know any spells.
Your spell library was empty.

Dungeon Overview and Level Annotations

Branches:
Dungeon (9/15)             Temple (0/1) D:6
   Lair: D:8-11         Orc: D:9-12

Altars:
Elyvilon
Gozag
Hepliaklqana
Nemelex Xobeh
Trog
Vehumet
Xom

Shops:
D:8 :   D:9 *


Innate Abilities, Weirdness & Mutations

You are immune to sickness and miasma.
Your stone body is resilient. (AC +7)
You are immune to poison.
You resist negative energy. (rN+)
You are resistant to electric shocks. (rElec)
You are resistant to unholy torment.
You are immune to petrification.


Message History

You sock the acid dragon!
The acid dragon is moderately wounded.
The acid dragon closely misses you.
The acid dragon claws you but does no damage.
You hit the acid dragon.
The acid dragon is moderately wounded.
The acid dragon bites you.
The acid dragon claws you but does no damage.
You sock the acid dragon!
The acid dragon is almost dead.
The acid dragon spits acid at you. The splash of acid hits you!
* * * LOW HITPOINT WARNING * * *
The acid corrodes you!
The gnoll bouda hits you with a +1 whip of draining.
* * * LOW HITPOINT WARNING * * *
The gnoll closely misses you.
A red film seems to cover your vision as you go berserk!
You feel yourself moving faster!
You feel mighty!
The acid dragon bites you but does no damage.
The acid dragon claws you but does no damage.
The gnoll bouda misses you. The gnoll misses you.
You hit the acid dragon.
The acid dragon is almost dead.
The gnoll bouda hits you but does no damage.
The acid dragon misses you.
The acid dragon claws you but does no damage.
You closely miss the acid dragon.
The acid dragon is almost dead.
The gnoll misses you.
You closely miss the acid dragon.
The acid dragon is almost dead.
The gnoll bouda hits you but does no damage.
The acid dragon bites you but does no damage.
The acid dragon claws you but does no damage.
The gnoll hits you but does no damage.
You barely miss the acid dragon.
The acid dragon is almost dead.
The acid dragon bites you!
You die...

#......##...........
#.......#...........
###.###.........∩...
#.# ###.#...##....
#.# #.##....###. #.#
#.##.... . #)#
#......# # #)#
#.......
#@###..>.....
#Dggg.......
####g.......
##....... .......
....... .......
......g .......


You could see an acid dragon (catching breath), a gnoll bouda and 3 gnolls.

Vanquished Creatures
  A two-headed ogre (D:5)
  Pikel (D:5)
  Joseph (D:9)
  Prince Ribbit (D:4)
  Sigmund (D:2)
  Eustachio (D:5)
  2 sky beasts
  2 ice beasts (D:6)
  An ogre (D:6)
  A centaur (D:6)
  4 lemures (D:4)
  3 kobold brigands
  2 gnoll sergeants
  6 scorpions
  10 wights
  3 killer bees (D:8)
  2 howler monkeys
  2 gnoll boudas
  3 hounds
  4 jellies
  A sleepcap (D:4)
  5 orc priests
  2 iguanas
  9 orc wizards
  Robin (D:2)
  24 gnolls
  9 adders
  A shadow imp (D:7)
  2 ufetubi
  2 worms
  6 dart slugs
  31 orcs
  9 bats
  5 endoplasms
  5 giant cockroaches
  17 goblins
  9 hobgoblins
  3 jackals (D:1)
  5 quokkas
  3 ball pythons
  8 frilled lizards
  19 kobolds
  4 rats
231 creatures vanquished.

Vanquished Creatures (others)
  2 orc wizards
2 creatures vanquished.

Grand Total: 233 creatures vanquished

Notes
Turn   | Place    | Note
-------+----------+-------------------------------------------
     0 | D:1      | KittyFluff the Gargoyle Berserker began the quest for the
                  | Orb.
     0 | D:1      | Reached XP level 1. HP: 14/14 MP: 1/1
   100 | D:1      | Reached XP level 2. HP: 8/19 MP: 2/2
   333 | D:1      | Reached XP level 3. HP: 18/23 MP: 3/3
   404 | D:1      | Reached ** piety under Trog
   680 | D:2      | Reached XP level 4. HP: 29/29 MP: 4/4
   740 | D:2      | Noticed Sigmund
   770 | D:2      | Killed Sigmund
   771 | D:2      | Reached XP level 5. HP: 16/33 MP: 5/5
   771 | D:2      | Reached XP level 6. HP: 18/38 MP: 6/6
  1450 | D:2      | Noticed Robin
  1475 | D:2      | Killed Robin
  1720 | D:2      | Found a faded altar of an unknown god.
  2618 | D:3      | Reached *** piety under Trog
  2849 | D:3      | Reached skill level 5 in Maces & Flails
  3026 | D:4      | Reached XP level 7. HP: 42/44 MP: 7/7
  3077 | D:4      | Reached skill level 5 in Armour
  3327 | D:4      | Found a shimmering altar of Xom.
  4196 | D:5      | Entered Level 5 of the Dungeon
  4196 | D:5      | Noticed Pikel
  4214 | D:4      | Reached skill level 5 in Fighting
  4298 | D:5      | Killed Pikel
  4299 | D:5      | Reached XP level 8. HP: 32/50 MP: 8/8
  4373 | D:5      | Noticed Prince Ribbit
  4520 | D:4      | Killed Prince Ribbit
  4587 | D:5      | Reached **** piety under Trog
  4693 | D:5      | Found a radiant altar of Vehumet.
  5001 | D:5      | Noticed Eustachio
  5024 | D:5      | Killed Eustachio
  5025 | D:5      | Reached XP level 9. HP: 55/55 MP: 9/9
  5166 | D:5      | Noticed a two-headed ogre
  5177 | D:5      | Killed a two-headed ogre
  5364 | D:5      | Found a hazy altar of Hepliaklqana.
  6511 | D:6      | Reached XP level 10. HP: 63/63 MP: 10/10
  6570 | D:6      | Found a staircase to the Ecumenical Temple.
  6694 | D:6      | Reached ***** piety under Trog
  6863 | D:6      | Found a bloodstained altar of Trog.
  6949 | D:7      | Reached skill level 5 in Dodging
  7145 | D:7      | You fall into a shaft and drop 2 floors!
  7165 | D:9      | Found an opulent altar of Gozag.
  7171 | D:9      | Found Gozag's Platinum Reserve.
  7366 | D:9      | Noticed Joseph
  7381 | D:9      | Killed Joseph
  7506 | D:8      | Found Ygoxac's Book Boutique.
  7506 | D:8      | Found a white marble altar of Elyvilon.
  7508 | D:8      | Found a sparkling altar of Nemelex Xobeh.
  7742 | D:8      | HP: 2/63 [gnoll bouda/+1 whip of draining (5)]
  7747 | D:8      | Mangled by an acid dragon

Illustrated notes

Levels and vault maps discovered:
D:1:      lemuel_arrival_river_ford, layout_basic,
          chequers_serial_rivers_micro_b
D:2:      layout_loops_cross, hellmonk_ecumenical_altar_defaced_shrine,
          kennysheep_generic_room_6, uniq_sigmund, uniq_robin
D:3:      layout_basic, minmay_misc_feat_enclosed, nicolae_titane
D:4:      layout_basic, mainiacjoe_overflow_surrounded_room
D:5:      layout_basic, nicolae_vehumet_altar_sigil,
          mainiacjoe_overflow_cross_hatched, nicolae_sextant,
          uniq_prince_ribbit1, uniq_pikel, uniq_eustachio
D:6:      layout_layer_cave, marbit_many_paths,
          minmay_temple_entry_antechambers, minmay_a_box_with_orc_wizards_in_it
D:7:      layout_loops_ring, nicolae_uskayaw_murder_on_the_dancefloor
D:8:      layout_rooms, chequers_temple_overflow_statue_of_worship,
          serial_shops, shop, kennysheep_generic_room_13
D:9:      minmay_bloctagon, layout_irregular_city,
          nicolae_gozag_zags_fifth_avenue, dpeg_lair_monsters, orc_0_dummy,
          uniq_joseph

Skill      XL: |  1  2  3  4  5  6  7  8  9 10 |
---------------+-------------------------------+-----
Armour         | 3 4 6 7 9 |  9.9
Dodging        | 2 3 4 5 |  5.3
Fighting       | 4 5 6 7 |  7.6
Maces & Flails | 4 5 6 7 8 9 |  9.4

Action                     |  1- 3 |  4- 6 |  7- 9 | 10-12 || total
---------------------------+-------+-------+-------+-------++-------
  Melee: Mace              |   112 |   251 |   164 |       ||   527
         Punch             |     2 |     2 |     3 |     2 ||     9
         Flail             |       |       |   289 |   319 ||   608
 Invoke: Berserk           |       |     2 |       |     1 ||     3
    Use: Scroll            |       |     4 |     1 |     1 ||     6
 Armour: Animal skin       |    56 |    16 |       |       ||    72
         Leather armour    |       |   117 |   262 |   244 ||   623
  Dodge: Dodged            |   104 |   203 |   268 |   241 ||   816
